 Dungeon Crawl Stone Soup version 0.22-b1-26-g9dbaab1 (webtiles) character file.

93 dracos369 the Twirler (level 4, 0/33 HPs)
             Began as a Demonspawn Gladiator on Aug 7, 2018.
             Slain by an orc (3 damage)
             ... on level 3 of the Dungeon.
             The game lasted 00:05:03 (2075 turns).

dracos369 the Twirler (Demonspawn Gladiator)        Turns: 2075, Time: 00:05:04

Health: 0/33       AC: 12    Str: 15    XL:     4   Next: 36%
Magic:  4/4        EV: 12    Int: 10    God:
Gold:   82         SH:  0    Dex: 14    Spells: 3/3 levels left

rFire    . . .     SeeInvis .   a - +0 quarterstaff
rCold    . . .     Gourm    .   (shield currently unavailable)
rNeg     . . .     Faith    .   b - +0 leather armour
rPois    .         Spirit   .   c - +0 helmet
rElec    .         Reflect  .   (no cloak)
rCorr    .         Harm     .   p - +0 pair of gloves
MR       .....                  j - +0 pair of boots
Stlth    +.........             (no amulet)
HPRegen  0.11/turn              (no ring)
MPRegen  0.09/turn              (no ring)

@: sanguine armour
A: talons 1, sanguine armour 1
a: no special abilities


You were on level 3 of the Dungeon.
You were not hungry.

You visited 1 branch of the dungeon, and saw 3 of its levels.

You collected 82 gold pieces.

Inventory:

Hand Weapons
 a - a +0 quarterstaff (weapon)
Missiles
 d - 3 throwing nets (quivered)
Armour
 b - a +0 leather armour (worn)
 c - a +0 helmet (worn)
 j - a +0 pair of boots (worn)
 p - a +0 pair of gloves (worn)
Scrolls
 e - a scroll of magic mapping {unknown}
 g - 3 scrolls of remove curse {unknown}
 l - 2 scrolls of identify {unknown}
 m - 4 scrolls of enchant armour {unknown}
 o - a scroll of fog {unknown}
 q - a scroll of blinking {unknown}
Potions
 h - a potion of curing {unknown}
 i - a potion of lignification {unknown}
 n - a potion of heal wounds {unknown}
Comestibles
 f - 6 rations
 k - a chunk of flesh


   Skills:
 - Level 2.0 Fighting
 + Level 4.7 Staves
 - Level 1.7 Throwing
 - Level 2.6 Dodging


You had 3 spell levels left.
You didn't know any spells.
Your spell library was empty.

Dungeon Overview and Level Annotations

Branches:
Dungeon (3/15)

Altars:
Dithmenos
Fedhas
Kikubaaqudgha


Innate Abilities, Weirdness & Mutations

You have sharp toenails.
When seriously injured, your bleeding wounds create armour. (AC +6)


Message History

You open the door.
There is an open door here. 2 orcs come into view.
The orc shouts! x2 2 orcs and an orc priest come into view.
The orc moves out of view. x2
The orc shouts!
The orc priest invokes the aid of Beogh against you.
Beogh smites you!
The orc priest mumbles some strange prayers to Beogh against you.
Beogh smites you!
Your blood congeals into armour.
There is an open door here.
The orc priest mumbles some strange prayers to Beogh against you.
Beogh smites you!
* * * LOW HITPOINT WARNING * * *
You are too injured to fight recklessly!
You hit the orc.
The orc is moderately wounded.
The orc barely misses you. The orc hits you.
You die...

........# #....##.
#......(....# #.....#.
#...........# #####.#.
#...........# ######### #...
#...........# #........ ##..
#...........# #........ #...
#...........# #.......o #.#.
#...........####....%... #.#.
#......))..o@o..oo......+..#.
#...........####........#..#.
#...........# #........#..##
#...........# ##########..##
#########.###############..##
#.###...........#..##
#...............#..##
#####.........^.'..##
#...........#....


You could see an orc priest and 3 orcs.

Vanquished Creatures
  2 adders
  A worm (D:2)
  3 dart slugs
  A leopard gecko (D:1)
  An orc (D:2)
  6 bats
  6 giant cockroaches
  6 goblins
  11 hobgoblins
  6 jackals
  4 kobolds (D:1)
  A ball python (D:1)
  3 frilled lizards
  4 rats (D:1)
55 creatures vanquished.

Notes
Turn   | Place    | Note
-------+----------+-------------------------------------------
     0 | D:1      | dracos369 the Demonspawn Gladiator began the quest for the Orb.
     0 | D:1      | Reached XP level 1. HP: 16/16 MP: 1/1
    54 | D:1      | Reached skill level 3 in Staves
   203 | D:1      | Gained mutation: When seriously injured, your bleeding wounds create armour. (AC +6) [demonic ancestry]
   203 | D:1      | Reached XP level 2. HP: 21/22 MP: 2/2
   496 | D:1      | Reached XP level 3. HP: 16/27 MP: 3/3
   700 | D:1      | Reached skill level 4 in Staves
   939 | D:2      | Found a shadowy altar of Dithmenos.
   952 | D:2      | Found a blossoming altar of Fedhas.
  1213 | D:2      | Gained mutation: You have sharp toenails. [demonic ancestry]
  1213 | D:2      | Reached XP level 4. HP: 30/33 MP: 4/4
  1662 | D:3      | Found an ancient bone altar of Kikubaaqudgha.
  2075 | D:3      | Slain by an orc

Skill      XL: |  1  2  3 |
---------------+----------+-----
Staves         | 3 4 |  4.7
Fighting       | |  2.0
Throwing       | |  1.7
Dodging        | |  2.6

Action                   |  1- 3 |  4- 6 || total
-------------------------+-------+-------++-------
Melee: Quarterstaff      |   128 |    53 ||   181
  Eat: Chunk             |     1 |     3 ||     4
Armor: Leather armour    |    53 |    19 ||    72
Dodge: Dodged            |    98 |    47 ||   145
